Map: Celestial Enclave LE

Players

ParmeJon - Winner!

  • Race: Zerg Zerg
  • League: Master
  • Spawn Location: 7:00

A.I. 1 (Very Easy)

  • Race: Zerg Zerg
  • Spawn Location: 1:00

VOD

Have the link to the VOD?

Description

Time

  • Played on: Jan. 29, 2026, 5:34 p.m.
  • Length: 11:25
Show
View Real Time Build Order
Export as new Build Order

ParmeJon Zerg - Winner!

Build Orders: Hatch First 

Get SALT Encoding   

  12  0:03  Drone  
  13  0:08  Drone  
  13  0:13  Extractor  
  13  0:15  Drone  
  15  0:40  Hatchery  
  14  0:45  Extractor  
  14  0:46  Drone  
  14  0:48  Overlord  
  15  1:09  Drone  
  15  1:10  Spawning Pool  
  16  1:11  Drone  
  16  1:13  Drone  
  16  1:18  Extractor  
  16  1:22  Drone  
  18  1:32  Drone  
  18  1:43  Overlord  
  18  1:52  Drone  
  19  1:58  Roach Warren, Drone  
  19  1:59  Queen  
  21  2:11  Queen  
  23  2:16  Drone  
  23  2:19  Drone  
  25  2:24  Drone  
  25  2:27  Drone  
  25  2:29  Drone  
  28  2:41  Drone  
  28  2:43  Drone  
  30  2:44  Drone  
  31  2:52  Spore Crawler  
  31  2:54  Spore Crawler  
  29  3:00  Drone x2  
  29  3:02  Overlord  
  29  3:03  Drone  
  32  3:14  Drone  
  32  3:15  Drone  
  34  3:20  Lair  
  34  3:28  Drone x2, Extractor  
  35  3:40  Overlord  
  35  3:42  Drone x2  
  37  3:54  Overlord  
  37  3:55  Drone x2  
  39  3:59  Extractor  
  38  4:03  Overlord, Extractor, Drone  
  38  4:04  Drone x3  
  41  4:13  Drone x3  
  41  4:17  Overlord  
  44  4:35  Spire  
  44  4:36  Overlord  
  44  4:37  Drone x3  
  44  4:38  Drone x4  
  50  4:45  Overlord, Roach  
  52  4:47  Glial Reconstitution  
  52  4:52  Burrow  
  52  5:00  Overseer  
  52  5:09  Overlord  
  52  5:11  Roach x2  
  52  5:12  Roach x3  
  62  5:19  Evolution Chamber  
  62  5:20  Evolution Chamber  
  60  5:24  Roach  
  60  5:25  Roach x2  
  60  5:26  Roach x2  
  70  5:39  Overlord  
  70  5:40  Overlord  
  70  5:45  Zerg Missile Weapons Level 1, Zerg Ground Armor Level 1  
  70  5:50  Mutalisk  
  70  5:51  Mutalisk  
  70  5:52  Mutalisk  
  70  5:53  Mutalisk  
  78  6:02  Mutalisk  
  80  6:10  Mutalisk  
  82  6:16  Roach  
  82  6:17  Roach  
  82  6:18  Roach, Overlord  
  88  6:19  Overlord  
  88  6:20  Overlord  
  88  6:28  Roach x3  
  96  6:40  Roach x5  
  96  6:41  Roach  
  96  6:46  Overlord  
  106  6:47  Roach  
  108  7:04  Roach x6, Overlord  
  108  7:05  Overlord  
  120  7:11  Ravager x2  
  122  7:23  Roach x4  
  130  7:32  Roach x2  
  130  7:36  Ravager  
  135  7:37  Ravager  
  136  7:52  Roach x6  
  136  7:56  Overlord  
  148  8:19  Roach x6  
  160  8:20  Overlord  
  160  8:36  Roach x5  
  160  8:39  Overlord  
  160  8:41  Overlord x2  
  170  8:52  Hatchery  
  169  8:57  Ravager x6  
  169  9:02  Roach  
  181  9:03  Roach x2  
  181  9:25  Ravager x3  
  184  9:34  Hatchery  
  184  9:38  Hatchery  
  182  9:55  Roach x7  
  182  9:56  Roach x2  
Show
View Real Time Build Order
Export as new Build Order

A.I. 1 (Very Easy) Zerg 

Build Orders: Pool First 

Get SALT Encoding   

  12  0:01  Drone  
  13  0:13  Overlord  
  13  0:16  Drone  
  14  0:35  Spawning Pool  
  14  0:36  Extractor  
  14  0:40  Drone  
  13  0:47  Drone  
  14  0:52  Overlord  
  14  1:22  Queen  
  14  1:23  Zergling x2  
  17  1:33  Roach Warren  
  17  1:36  Drone  
  17  1:40  Zergling x2  
  17  1:41  Extractor  
  17  1:44  Drone  
  18  1:57  Zergling x2  
  18  1:58  Drone  
  20  2:09  Drone  
  21  2:19  Drone  
  22  2:29  Drone  
  23  2:30  Overlord  
  23  2:36  Drone  
  24  2:43  Drone  
  25  5:37  Roach  
  25  5:38  Drone, Lair, Overlord  
  28  5:45  Drone  
  29  5:52  Drone  
  30  5:59  Drone  
  31  6:07  Drone  
  29  6:14  Drone  
  32  6:18  Roach  
  32  6:35  Overseer x2  
  32  6:59  Roach  
  34  7:09  Hatchery  
  33  8:08  Zergling x2  
  34  8:21  Drone  
  35  8:28  Drone  
  35  8:35  Drone  
  35  8:36  Roach  
  35  8:37  Overseer, Overlord  
  38  8:43  Drone  
  39  8:50  Drone  
  39  8:57  Drone  
  40  9:04  Drone  
  40  9:05  Zergling x2  
  40  9:06  Overlord  
  42  9:11  Drone  
  42  9:16  Hatchery  
  42  9:18  Drone  
  43  9:26  Drone  
  43  9:27  Extractor  
  43  9:33  Drone  
  43  9:34  Roach  
  46  9:40  Drone  
  46  9:41  Extractor, Overlord  
  46  9:47  Drone  
  47  9:55  Drone  
  47  9:56  Queen  
  48  10:02  Drone  
  46  10:09  Drone  
  47  10:16  Drone  
  47  10:17  Overseer, Overlord  
  47  10:20  Zergling x2  
  49  10:24  Drone  
  46  10:31  Drone  
  35  10:39  Drone  
  10  10:48  Roach  
Tags
 
Add a new tag
Caveats
  • Supply blocks, unpowered buildings, or Contaminate may cause inaccurate times.
  • Supply counts are checked every 10 seconds.